 Dungeon Crawl Stone Soup version 0.28.0-47-ge53b351184 (webtiles) character file.

Game seed: 17760216594820550521

9536 firemarshallily the Slicer (level 11, -11/89 HPs)
             Began as a Minotaur Gladiator on May 4, 2022.
             Was an Initiate of Gozag.
             Mangled by a boulder beetle (52 damage)
             ... on level 11 of the Dungeon.
             The game lasted 00:42:41 (11760 turns).

firemarshallily the Slicer (Minotaur Gladiator)    Turns: 11760, Time: 00:42:41

Health: -11/89     AC: 20    Str: 22    XL:     11   Next: 24%
Magic:  10/10      EV: 11    Int:  5    God:    Gozag
Gold:   1667       SH:  0    Dex: 13    Spells: 10/10 levels left

rFire   + . .      SeeInvis +   l - +3 rapier "Lempoaxa" {vorpal, rElec rF+ SInv}
rCold   . . .      Faith    .   (no shield)
rNeg    . . .      Spirit   .   r - +2 scale mail {rPois}
rPois   +          Reflect  .   t - +2 hat
rElec   +          Harm     .   p - +0 cloak {Stlth+}
rCorr   .          Rampage  .   s - +2 pair of gloves
Will    .....                   o - +0 pair of boots
Stlth   +.........              (no amulet)
HPRegen 0.24/turn               (no ring)
MPRegen 0.12/turn               (no ring)

@: no status effects
A: horns 2, retaliatory headbutt
a: Renounce Religion, Potion Petition, Call Merchant, Bribe Branch


You were on level 11 of the Dungeon.
You worshipped Gozag.
Gozag was most pleased with you.
You visited 1 branch of the dungeon, and saw 11 of its levels.

You collected 2132 gold pieces.
You spent 465 gold pieces at shops.

Inventory:

Hand Weapons
 a - a +1 long sword
 f - the +2 flail of the Hierophant {holy, Fly Dex+4}
   (You found it on level 1 of the Dungeon)

   It has been blessed by the Shining One to cause great damage to the undead
   and demons.
   Dex:       It affects your dexterity (+4).
   Fly:       It grants you flight.
 l - the +3 rapier "Lempoaxa" (weapon) {vorpal, rElec rF+ SInv}
   (You found it on level 3 of the Dungeon)

   It inflicts extra damage upon your enemies.
   rF:        It protects you from fire.
   rElec:     It insulates you from electricity.
   SInv:      It lets you see invisible.
Missiles
 c - 6 boomerangs
 d - 3 throwing nets
 g - 3 silver javelins (quivered)
 h - 315 stones
Armour
 o - a +0 pair of boots (worn)
 p - a +0 cloak of stealth (worn)
 r - a +2 scale mail of poison resistance (worn)
 s - a +2 pair of gloves (worn)
 t - a +2 hat (worn)
 v - a +0 chain mail of fire resistance
Wands
 b - a wand of iceblast (3)
 k - a wand of acid (18)
 q - a wand of paralysis (2)
 x - a wand of mindburst (11)
Scrolls
 e - a scroll of fear
 n - 3 scrolls of holy word
 u - a scroll of torment {unknown}
 y - a scroll of amnesia
 A - a scroll of magic mapping
 D - 2 scrolls of teleportation
Potions
 i - a potion of mutation
 j - a potion of heal wounds
 m - a potion of brilliance
 w - 2 potions of curing
 z - a potion of ambrosia {unknown}
 B - a potion of magic {unknown}
 E - 2 potions of lignification {unknown}
Miscellaneous
 C - a phantom mirror (inert)


   Skills:
 + Level 5.9 Fighting
 - Level 13.7(14.0) Short Blades
 - Level 4.4(10.6) Long Blades
 - Level 2.9 Maces & Flails
 - Level 2.0 Throwing
 + Level 12.8 Armour
 - Level 3.2 Dodging


You had 10 spell levels left.
You didn't know any spells.
Your spell library contained the following spells:

 Spells                   Type           Power      Damage    Failure   Level
 Conjure Flame            Conj/Fire      0%         6-21      97%         3
 Frozen Ramparts          Ice            0%         1d2       97%         3
 Ignite Poison            Fire/Tmut/Pois 0%         N/A       97%         3
 Ice Form                 Ice/Tmut       0%         N/A       100%        4
 Sticky Flame             Conj/Fire      0%         2d3       100%        4
 Summon Ice Beast         Ice/Summ       0%         N/A       100%        4
 Summon Mana Viper        Hex/Summ       0%         N/A       100%        5
 Monstrous Menagerie      Summ           0%         N/A       100%        7


Dungeon Overview and Level Annotations

Branches:
Dungeon (11/15)            Temple (0/1) D:4            Lair (0/6) D:10
    Orc (0/2) D:9

Altars:
Cheibriados
Dithmenos
Gozag
Okawaru
Wu Jian
Zin

Shops:
D:2 !:[   D:6 :

Annotations:
D:10 3 runed translucent doors, exclusion: obsidian statue


Innate Abilities, Weirdness & Mutations

You have a pair of horns on your head.
You reflexively headbutt those who attack you in melee.


Message History

The boulder beetle is severely wounded.
You hit the boulder beetle.
You headbutt the boulder beetle, but do no damage.
The boulder beetle is severely wounded.
The boulder beetle bites you but does no damage.
You hit the boulder beetle but do no damage.
Your headbutt misses the boulder beetle.
The boulder beetle is severely wounded.
You barely miss the boulder beetle.
The boulder beetle is severely wounded.
The boulder beetle leaps!
Aiming: Paralyse
Press: ? - help, Shift-Dir - straight line, f - boulder beetle
Aim: a boulder beetle (severely wounded, chance to affect: 31%)
The boulder beetle easily resists.
Aiming: Paralyse
Press: ? - help, Shift-Dir - straight line, f/p - boulder beetle
Aim: a boulder beetle (severely wounded, chance to affect: 31%)
The boulder beetle easily resists.
Aiming: Paralyse
Press: ? - help, Shift-Dir - straight line, f/p - boulder beetle
Aim: a boulder beetle (severely wounded, chance to affect: 31%)
The boulder beetle easily resists.
An orc wizard comes into view. It is wielding a +0 dagger.
Throw: 4 javelins (silver)
Press: ? - help, Q - select action, (/) - cycle Shift-Dir - straight line, f/p - boulder beetle
Aim: a boulder beetle (severely wounded, 90% to hit)
You throw a silver javelin.
The silver javelin pierces through the boulder beetle but does no damage.
The boulder beetle is severely wounded.
The boulder beetle curls into a ball and begins rolling!
You feel much better.
The orc wizard mumbles some strange words.
The orc wizard flickers and vanishes for a moment.
You hit the boulder beetle.
The boulder beetle is severely wounded.
The boulder beetle hits you!!!
Ouch! That really hurt!
You die...
Your body crumbles into a pile of gold.

##.##### #.##..# .#
#....(.#####.##..# .##
#..###........... .B.
#....#........#.#
..#..
#.............#.#....#
##.##.#...°.....)....#
#..........°...#○#...#
#.#...##....Bo.#.# ..#
#...####.....@.#.# ..#
##.#####.########. .#
#.......# . ..
#.####### .# .
#.####### #. #.#.....#
#.#.....#
#.......#####(..
###...........#


You could see a boulder beetle (rolling) and an orc wizard (invisible).

Vanquished Creatures
  2 two-headed ogres (D:9)
  Urug (D:10)
  A cyclops (D:10)
  Maurice (D:10)
  2 komodo dragons (D:10)
  3 trolls
  Grinder (D:5)
  7 yaks
  2 wyverns
  2 acid dragons
  5 water moccasins
  4 black bears
  An orc warrior (D:6)
  2 sky beasts
  An ice beast (D:7)
  3 ogres
  A phantom (D:5)
  3 kobold brigands
  5 bullfrogs
  A gnoll sergeant (D:5)
  A wyvern zombie (D:8)
  3 scorpions
  A water moccasin zombie (D:7)
  A water moccasin skeleton (D:6)
  10 wights
  An electric eel (D:10)
  A bullfrog zombie (D:6)
  5 centaur zombies
  A jelly (D:6)
  A hound (D:5)
  A gnoll shaman (D:9)
  5 orc priests
  A centaur skeleton (D:7)
  2 iguanas
  10 orc wizards
  A killer bee zombie (D:5)
  3 howler monkey zombies
  17 gnolls
  3 adders
  A shadow imp (D:8)
  A white imp (D:7)
  An ufetubus (D:5)
  3 worms
  2 dart slugs
  20 orcs
  8 ball pythons
  6 endoplasms
  4 giant cockroaches
  5 goblins
  6 hobgoblins
  6 jackals
  3 quokkas (D:1)
  6 bats
  A frilled lizard (D:2)
  19 kobolds
  5 rats
213 creatures vanquished.

Vanquished Creatures (collateral kills)
  A gnoll shaman (D:9)
1 creature vanquished.

Vanquished Creatures (others)
  13 fungi (D:10)
  33 plants
46 creatures vanquished.

Grand Total: 260 creatures vanquished

Notes
Turn   | Place    | Note
-------+----------+-------------------------------------------
     0 | D:1      | firemarshallily the Minotaur Gladiator began the quest for
                  | the Orb.
     0 | D:1      | Reached XP level 1. HP: 18/18 MP: 0/0
   269 | D:1      | Reached XP level 2. HP: 25/25 MP: 1/1
   278 | D:1      | Reached skill level 1 in Armour
   460 | D:1      | Found a faded altar of an unknown god.
   463 | D:1      | Identified the +2 flail of the Hierophant {holy, Fly Dex+4}
   472 | D:1      | Prayed at the altar of an unknown god.
   472 | D:1      | Became a worshipper of Gozag Ym Sagoz the Greedy
   585 | D:1      | Reached XP level 3. HP: 31/31 MP: 2/2
  1013 | D:2      | Found Com Loth's Antique Armour Emporium.
  1191 | D:2      | Found Ixonuje's Book Shop.
  1231 | D:2      | Reached skill level 1 in Maces & Flails
  1318 | D:2      | Found Todeyts's Distillery.
  1328 | D:2      | Bought a potion of curing for 30 gold pieces
  1654 | D:3      | Identified the +3 rapier "Lempoaxa" {vorpal, rElec rF+
                  | SInv}
  1712 | D:3      | Reached XP level 4. HP: 17/38 MP: 3/3
  2056 | D:3      | Reached skill level 1 in Short Blades
  2478 | D:4      | Noticed a water moccasin
  2494 | D:4      | Killed a water moccasin
  2495 | D:4      | Reached skill level 3 in Short Blades
  2495 | D:4      | Reached XP level 5. HP: 17/45 MP: 4/4
  2717 | D:4      | Noticed a water moccasin
  2731 | D:4      | Killed a water moccasin
  2732 | D:4      | Reached XP level 6. HP: 29/51 MP: 5/5
  2922 | D:4      | Identified the +1 short sword of Mana {spect, Dex+4}
  2976 | D:4      | Reached skill level 4 in Short Blades
  3296 | D:4      | Reached skill level 5 in Short Blades
  3296 | D:4      | Reached XP level 7. HP: 42/57 MP: 6/6
  3553 | D:4      | Found a staircase to the Ecumenical Temple.
  3607 | D:5      | Entered Level 5 of the Dungeon
  3626 | D:5      | Reached skill level 5 in Armour
  3993 | D:5      | Reached skill level 6 in Short Blades
  4165 | D:5      | Found a shadowy altar of Dithmenos.
  4165 | D:5      | Found an iron altar of Okawaru.
  4167 | D:5      | Found an opulent altar of Gozag.
  4172 | D:5      | Found a glowing silver altar of Zin.
  4389 | D:5      | Noticed Grinder
  4403 | D:5      | Reached skill level 7 in Short Blades
  4416 | D:5      | Killed Grinder
  4417 | D:5      | Reached XP level 8. HP: 41/63 MP: 7/7
  4858 | D:2      | Bought a pair of embroidered gloves for 225 gold pieces
  4858 | D:2      | Bought an embroidered hat for 210 gold pieces
  4970 | D:6      | Found Ucetsosm's Book Boutique.
  5002 | D:6      | Reached skill level 8 in Short Blades
  5052 | D:6      | Found an ornate altar of the Wu Jian Council.
  5156 | D:6      | Reached skill level 9 in Short Blades
  5602 | D:6      | Noticed a death knight
  5604 | D:6      | Noticed a two-headed ogre
  5836 | D:7      | Reached XP level 9. HP: 55/67 MP: 8/8
  5987 | D:7      | Reached skill level 10 in Short Blades
  6816 | D:7      | Found a snail-covered altar of Cheibriados.
  7102 | D:8      | Reached skill level 11 in Short Blades
  7717 | D:8      | Reached skill level 12 in Short Blades
  8301 | D:9      | Noticed a troll
  8324 | D:9      | Killed a troll
  8325 | D:9      | Reached XP level 10. HP: 7/77 MP: 9/9
  8663 | D:9      | Found a staircase to the Orcish Mines.
  8689 | D:9      | Reached skill level 10 in Armour
  8933 | D:9      | Noticed a two-headed ogre
  8958 | D:9      | Killed a two-headed ogre
  8959 | D:9      | Reached skill level 13 in Short Blades
  8993 | D:9      | Noticed a two-headed ogre
  9002 | D:9      | Killed a two-headed ogre
  9356 | D:10     | Entered Level 10 of the Dungeon
  9373 | D:10     | Noticed a cyclops
  9390 | D:10     | Killed a cyclops
  9474 | D:10     | Noticed Maurice
  9660 | D:10     | Killed Maurice
  9985 | D:10     | Found a staircase to the Lair.
 10025 | D:10     | Reached XP level 11. HP: 57/84 MP: 10/10
 10151 | D:10     | Found a runed translucent door.
 10357 | D:10     | Found a runed translucent door.
 10368 | D:10     | Found a runed translucent door.
 10383 | D:10     | Found a runed translucent door.
 10397 | D:10     | Noticed an obsidian statue
 10628 | D:10     | Noticed Urug
 10640 | D:10     | Killed Urug
 10641 | D:10     | Reached skill level 5 in Fighting
 11731 | D:11     | Noticed a boulder beetle
 11760 | D:11     | Mangled by a boulder beetle

Illustrated notes

Levels and vault maps discovered:
D:1:      eino_arrival_druids_welcome, layout_loops_ring,
          hellmonk_ecumenical_altar_lost_god, minmay_nonomino_d4
D:2:      layout_basic, serial_shops, nicolae_diamond_shop, nicolae_shop_stone,
          nicolae_square_shop
D:3:      layout_loops_ring, st_stairs_11, minmay_misc_feat_enclosed
D:4:      layout_rooms, minmay_temple_entry_from_below_a, st_stairs_12,
          chequers_serial_rivers_marsh
D:5:      layout_basic, chequers_temple_overflow_statue_of_worship, uniq_grinder
D:6:      minmay_cornered_nines, layout_rooms, pdpol_wu_jian_five_deadly_venoms,
          serial_shops, nicolae_stop_n_shop_1
D:7:      layout_loops_corners, kennysheep_mini, amcnicky_mini_pool_small
D:8:      layout_gridville
D:9:      layout_rooms, orc_0_dummy, minmay_chambers_of_fives
D:10:     layout_stronghold, due_lair_maze_entry_diamond, chequers_big_river,
          minmay_statue_crystal_thing, uniq_urug, uniq_maurice
D:11:     hellmonk_ruined_rings, layout_loops_cross, kiku_gazebo_pond_becter

Skill      XL: |  1  2  3  4  5  6  7  8  9 10 11 |
---------------+----------------------------------+-----
Long Blades    | 4 |  4.4
Armour         | 1 2 3 4 6 7 9 12 | 12.8
Fighting       | 3 4 5 |  5.9
Maces & Flails | 2 |  2.9
Short Blades   | 3 5 7 9 12 13 | 13.7
Throwing       | |  2.0
Dodging        | |  3.2

Action                   |  1- 3 |  4- 6 |  7- 9 | 10-12 || total
-------------------------+-------+-------+-------+-------++-------
Melee: Long sword        |    39 |       |       |       ||    39
       Headbutt          |    10 |     4 |    63 |    54 ||   131
       Punch             |     1 |       |     2 |     4 ||     7
       Flail             |    42 |       |       |       ||    42
       Rapier            |     1 |    67 |   293 |   250 ||   611
Throw: Throwing net      |       |       |     3 |     1 ||     4
       Boomerang         |       |       |     1 |    14 ||    15
       Javelin           |       |       |       |     1 ||     1
Evoke: Wand              |       |       |       |     4 ||     4
       Phantom mirror    |       |       |       |     1 ||     1
  Use: Scroll            |     2 |     2 |     6 |     6 ||    16
       Potion            |     1 |     2 |     1 |     1 ||     5
 Stab: Distracted        |     1 |       |     2 |     3 ||     6
       Sleeping          |       |       |     1 |       ||     1
Armor: Leather armour    |    20 |    11 |    68 |    22 ||   121
       Scale mail        |       |       |       |    49 ||    49
Dodge: Dodged            |    57 |    39 |   114 |    69 ||   279
